AoeStats
← Josmi-Ga'lock

Nomad

508758155Analyzed
4v4 RM · 10d ago on Sep 23, 2026· 68m 46s· 8 players
Game mode
Random Map
Map size
231×231
Population
200
Speed
Normal
Resources
Standard
Victory
Conquest
Starting age
Dark Age
Ending age
Imperial Age
RankedLock teamsTeams togetherTeam positionsShared explorationLock speedFull tech treeHidden civsTurbo modeCheats
Victory
Defeat
🇻🇪 Varangians · Venezuela
970
+11
🇦🇷 Saxons · Argentina
956
+12
🇧🇷 Mongols · Brazil
945
+12
🇦🇷 Huns · Argentina
856
+17
🇺🇸 Romans · United States
934
-16
🇦🇷 Cumans · Argentina
864
-13
🇮🇳 Huns · India
862
-13
🇲🇽 Goths · Mexico
782
-10
M3TAL JUNKI3xXx
4:06 Loom
16:00 Feudal Age
16:38 Town Watch
16:39 Horse Collar
16:37 Man-at-Arms
17:18 Double-Bit Axe
18:57 Scale Mail Armor
18:48 Fletching
23:37 Forging
56:07 Castle Age
54:04 Stone Mining
54:29 Gold Mining
57:35 Wheelbarrow
57:19 Bow Saw
57:38 Heavy Plow
58:49 Gold Shaft Mining
60:11 Hand Cart
62:55 Chain Mail Armor
63:16 Iron Casting
62:43 Bodkin Arrow
62:55 Pikeman
63:36 Squires
68:08 Imperial Age
65:12 Long Swordsman
68:34 Capped Ram
shinychrome
10:53 Loom
13:36 Feudal Age
18:02 Castle Age
26:43 Pikeman
27:45 Marauders
35:14 Fishing Lines
36:51 Horse Collar
37:19 Husbandry
37:29 Bloodlines
adrian
4:01 Loom
20:05 Feudal Age
25:01 Double-Bit Axe
26:41 Horse Collar
29:40 Gold Mining
29:42 Stone Mining
33:44 Castle Age
31:53 Scale Mail Armor
32:04 Forging
33:48 Fletching
35:35 Squires
34:56 Pikeman
36:08 Chain Mail Armor
36:29 Iron Casting
35:50 Bodkin Arrow
42:24 Man-at-Arms
44:22 Long Swordsman
45:42 Ballistics
45:33 Masonry
46:46 Anarchy
47:38 Murder Holes
47:24 Treadmill Crane
53:56 Bow Saw
54:18 Heavy Plow
59:25 Imperial Age
59:35 Wheelbarrow
62:05 Halberdier
62:27 Capped Ram
63:25 Bracer
64:20 Architecture
65:17 Blast Furnace
65:41 Perfusion
66:02 Conscription
67:24 Chemistry
Dearboy
4:10 Loom
14:42 Feudal Age
15:22 Double-Bit Axe
17:03 Wheelbarrow
20:46 Fishing Lines
21:11 Town Watch
23:54 Gold Mining
25:12 Stone Mining
25:05 Horse Collar
29:01 Castle Age
28:55 Scale Barding Armor
29:00 Forging
28:41 Fletching
29:12 Padded Archer Armor
30:33 Hand Cart
30:42 Chain Barding Armor
29:54 Light Cavalry
30:44 Bloodlines
31:07 Bow Saw
32:38 Steppe Husbandry
32:59 Bodkin Arrow
36:00 Leather Archer Armor
36:44 Heavy Plow
41:11 Imperial Age
39:35 Iron Casting
39:37 Ballistics
42:09 Gold Shaft Mining
41:26 Heated Shot
41:14 Cavalier
42:59 Plate Barding Armor
43:24 Blast Furnace
42:55 Ring Archer Armor
42:49 Conscription
43:39 Chemistry
43:02 Elite Kipchak
43:13 Sappers
45:00 Hoardings
44:24 Paladin
47:46 Crop Rotation
48:19 Two-Man Saw
46:53 Hussar
53:45 Scale Mail Armor
56:04 Cuman Mercenaries
Abyssus
5:00 Loom
14:58 Feudal Age
15:40 Double-Bit Axe
18:07 Bloodlines
21:50 Castle Age
20:20 Scale Mail Armor
21:03 Scale Barding Armor
21:10 Forging
22:46 Husbandry
23:13 Fishing Lines
23:42 Gold Mining
23:43 Stone Mining
24:55 Gillnets
25:50 Fletching
30:53 Vendel Legacy
32:10 Bow Saw
34:22 Arson
34:38 Squires
39:41 Wheelbarrow
40:26 Horse Collar
42:28 Hand Cart
43:36 Scale Mail Armor
44:55 Chain Barding Armor
45:11 Iron Casting
44:53 Chain Mail Armor
45:51 Heavy Plow
49:04 Imperial Age
49:10 Gothikon
50:14 Conscription
50:57 Plate Barding Armor
51:24 Blast Furnace
50:17 Cavalier
51:25 Elite Jarl
54:34 Plate Mail Armor
55:21 Crop Rotation
56:44 Two-Man Saw
64:36 Town Watch
ChronoMiner
3:51 Loom
15:54 Feudal Age
16:51 Double-Bit Axe
23:10 Horse Collar
33:03 Castle Age
34:46 Bow Saw
34:39 Heavy Plow
34:55 Fletching
35:05 Padded Archer Armor
35:29 Forging
35:50 Bodkin Arrow
39:15 Imperial Age
37:17 Scale Barding Armor
37:36 Elite Skirmisher
38:22 Thumb Ring
39:46 Nomads
43:33 Conscription
46:59 Elite Mangudai
49:10 Town Watch
50:00 Wheelbarrow
50:19 Stone Mining
50:22 Gold Mining
50:47 Town Patrol
51:24 Drill
51:55 Hand Cart
54:54 Bracer
55:02 Scale Barding Armor
55:27 Murder Holes
56:34 Chemistry
55:54 Ballistics
57:10 Stone Shaft Mining
57:11 Gold Shaft Mining
58:49 Parthian Tactics
58:36 Bloodlines
58:27 Husbandry
59:43 Iron Casting
59:08 Scale Mail Armor
59:28 Chain Barding Armor
61:16 Siege Engineers
61:21 Masonry
62:28 Capped Ram
Bluezote
3:51 Loom
14:35 Feudal Age
20:15 Castle Age
20:22 Double-Bit Axe
21:45 Scale Barding Armor
21:29 Fishing Lines
22:27 Husbandry
23:36 Forging
25:19 Wheelbarrow
24:50 Pikeman
31:08 Horse Collar
33:20 Bloodlines
35:16 Hand Cart
39:22 Imperial Age
38:26 Caravan
38:32 Gillnets
39:26 Chain Barding Armor
39:42 Iron Casting
40:10 Cavalier
41:27 Plate Barding Armor
44:25 Blast Furnace
44:56 Padded Archer Armor
47:04 Fletching
47:30 Leather Archer Armor
47:44 Parthian Tactics
48:06 Thumb Ring
48:58 Bodkin Arrow
50:20 Bracer
51:37 Ballistics
52:44 Chemistry
53:29 Conscription
54:01 Town Watch
54:21 Marauders
54:51 Bow Saw
61:26 Heavy Cavalry Archer
68:03 Light Cavalry
Josmi-Ga'lock
4:56 Loom
15:21 Feudal Age
16:05 Double-Bit Axe
16:06 Town Watch
24:15 Castle Age
22:54 Gold Mining
23:54 Forging
24:37 Stone Mining
25:10 Bow Saw
25:44 Squires
25:35 Arson
28:42 Scale Mail Armor
29:47 Fletching
30:36 Iron Casting
38:42 Bodkin Arrow
45:11 Imperial Age
43:32 Chain Mail Armor
43:00 Treadmill Crane
44:05 Wheelbarrow
44:12 Wheelbarrow
44:32 Gambesons
46:22 Conscription
46:37 Elite Varangian Guard
48:32 Pikeman
49:54 Murder Holes
50:40 Bracer
51:03 Ballistics
53:17 Gold Shaft Mining
54:11 Plate Mail Armor
56:39 Shield Wall
61:12 Halberdier
63:06 Hand Cart
65:09 Horse Collar
66:34 Chemistry
67:08 Two-Man Saw
Connection lost

Rejoining the realm…

Still unreachable

The connection could not be restored.

Session expired

The server has moved on; the page needs a fresh start.